 Dungeon Crawl Stone Soup version 0.31-a0-261-g072fdb8a1f (webtiles) character file.

Game seed: 11999548085677771485

4561 gruber the Mimic (level 10, -8/76 HPs)
             Began as a Demonspawn Shapeshifter on July 13, 2023.
             Was a Priest of Uskayaw.
             Mangled by a wraith (9 damage)
             ... on level 10 of the Dungeon.
             The game lasted 00:12:56 (10825 turns).

gruber the Mimic (Demonspawn Shapeshifter)         Turns: 10825, Time: 00:12:57

Health: -8/76      AC: 11    Str: 21    XL:     10   Next: 18%
Magic:  0/19       EV: 13    Int:  9    God:    Uskayaw [***...]
Gold:   466        SH:  0    Dex: 11    Spells: 9/9 levels left

rFire   . . .        L - +2 whip (elec)
rCold   . . .        (no shield)
rNeg    + + .        a - +0 animal skin
rPois   .            (helmet currently unavailable)
rElec   .            (cloak currently unavailable)
rCorr   .            (gloves currently unavailable)
SInv    .            (boots currently unavailable)
Will    +....        (no amulet)
Stlth   +            K - +4 ring of slaying
HPRegen 0.32/turn    s - ring of Siytek {+Blink rN++ Will+ MP+9 Dex-2}
MPRegen 0.32/turn

%: guardian spirit
@: beast-form, sanguine armoured, slowed, very slow
A: beast (slay +7), magic shield, magic regeneration, magic link, sanguine
armour 2
a: Begin Untransformation, Renounce Religion, Evoke Blink, Stomp, Line Pass


You were on level 10 of the Dungeon.
You worshipped Uskayaw.
Uskayaw was noncommittal.
You were a hulking beast.
You visited 3 branches of the dungeon, and saw 12 of its levels.

You collected 466 gold pieces.

Inventory:

Hand Weapons
 L - a +2 whip of electrocution (weapon)
Missiles
 j - 40 poisoned darts (quivered)
Armour
 a - a +0 animal skin (worn)
 z - the +7 scale mail of Vehumet's Grace {Slay+2}
   (You took it off a kobold on level 7 of the Dungeon)

   Slay:      It affects your accuracy & damage with ranged weapons and melee
   (+2).
Jewellery
 f - a ring of protection from fire
 s - the ring of Siytek (right hand) {+Blink rN++ Will+ MP+9 Dex-2}
   (You found it on level 4 of the Dungeon)

   [ring of magical power]

   Dex:       It affects your dexterity (-2).
   rN:        It greatly protects you from negative energy.
   MP:        It affects your magic capacity (+9).
   +Blink:    It lets you blink.
   Will:      It increases your willpower.
 C - a ring of see invisible
 K - a +4 ring of slaying (left hand)
Talismans
 c - a beast talisman
 x - a granite talisman
Wands
 b - a wand of flame (15)
 B - a wand of digging (8)
 E - a wand of mindburst (7)
 F - a wand of light (7)
 H - a wand of polymorph (3)
Scrolls
 d - 21 scrolls of identify {unknown}
 h - 3 scrolls of revelation {unknown}
 i - a scroll of enchant weapon {unknown}
 k - 3 scrolls of fog {unknown}
 m - a scroll of blinking {unknown}
 u - a scroll of immolation {unknown}
 v - a scroll of torment {unknown}
 w - a scroll of amnesia {unknown}
 y - a scroll of poison {unknown}
 A - 2 scrolls of noise {unknown}
 G - 3 scrolls of teleportation {unknown}
Potions
 e - a potion of enlightenment {unknown}
 g - a potion of heal wounds {unknown}
 l - 2 potions of mutation {unknown}
 n - 2 potions of degeneration {unknown}
 o - 2 potions of lignification
 p - 7 potions of curing
 q - a potion of magic {unknown}
 r - a potion of brilliance {unknown}
 t - a potion of attraction {unknown}
 D - a potion of berserk rage {unknown}
 I - 2 potions of might {unknown}
 J - a potion of haste {unknown}


   Skills:
 - Level 6.1 Fighting
 - Level 5.3 Dodging
 - Level 1.7 Unarmed Combat
 * Level 10.1 Shapeshifting


You had 9 spell levels left.
You didn't know any spells.
Your spell library contained the following spells:

 Spells                   Type           Power      Damage    Failure   Level
 Dazzling Flash           Conj/Hex       0%         N/A       77%         3
 Ignite Poison            Fire/Tmut/Pois 0%         N/A       77%         3
 Volatile Blastmotes      Fire/Tloc      0%         2d10      77%         3
 Sticky Flame             Conj/Fire      0%         2d3       99%         4
 Starburst                Conj/Fire      0%         6d3       100%        6
 Ignition                 Fire           0%         3d3       100%        8
 Maxwell's Capacitive Co  Air            0%         ∞         100%        8


Dungeon Overview and Level Annotations

Branches:
Dungeon (10/15)            Temple (1/1) D:7            Lair (1/5) D:8
    Orc: D:9-12

Altars:
Ashenzari
Cheibriados
Dithmenos
Fedhas
Gozag
Hepliaklqana
Kikubaaqudgha
Makhleb
Nemelex Xobeh
Okawaru
Qazlal
Ru
Sif Muna
Trog
Uskayaw
Vehumet
Wu Jian
Xom
Yredelemnul

Shops:
D:6 =   D:8 :

Annotations:
D:5 3 runed translucent doors, NigelTetley's ghost, novice FoFi


Innate Abilities, Weirdness & Mutations

You are a hulking beast.
Your limbs bulge with bestial killing power. (Slay +7)
When hurt, damage is shared between your health and your magic reserves.
You regenerate magic rapidly.
When low on magic, you restore magic in place of health.
When seriously injured, your blood forms thick armour. (AC +9)


Message History

You barely miss the wraith. The wraith hits you!
You barely miss the wraith. The wraith barely misses you. The wraith hits you!
You hit the wraith.
The wraith is lightly damaged.
The wraith hits you!
Your blood congeals into armour.
The wraith drains your vigour!
You feel as though you will be slow longer.
Unknown command.
You swing at nothing.
The two-headed ogre closely misses you.
The two-headed ogre hits you with a +0 giant spiked club!!
You whack the two-headed ogre!
Lightning courses through the two-headed ogre!
The two-headed ogre is heavily wounded.
The two-headed ogre barely misses you.
The two-headed ogre completely misses you.
You can now pass through a line of other dancers.
You whack the two-headed ogre!
The two-headed ogre is severely wounded.
The two-headed ogre hits you with a +0 giant spiked club!
* * * LOW HITPOINT WARNING * * *
The two-headed ogre completely misses you.
You hit the two-headed ogre.
The two-headed ogre is severely wounded.
The two-headed ogre hits you but does no damage.
The two-headed ogre hits you with a +0 giant spiked club!
* * * LOW HITPOINT WARNING * * *
You whack the two-headed ogre!
The two-headed ogre is almost dead.
The two-headed ogre hits you with a +0 giant spiked club.
* * * LOW HITPOINT WARNING * * *
The two-headed ogre hits you with a +0 giant spiked club!
* * * LOW HITPOINT WARNING * * *
Uskayaw will force your foes to helplessly watch your dance.
Uskayaw prepares the audience for your solo!
The helpless two-headed ogre fails to defend itself.
You whack the two-headed ogre!
Lightning courses through the two-headed ogre!
You kill the two-headed ogre!
The wraith is no longer paralysed.
The wraith hits you!
You die...

#.....# ..# #.#
#.##'##...#####
#.#
#.#...#..#....#
#.'...'.#.....#
###...##.....
#####...#...#
#......##...#
#.....#.'...+
#....#..#.h.#
#####...##W##
#...##..#
#...##....
#...##......
######....###
#....# .....#
...###


You could see a wraith.

Vanquished Creatures
  A two-headed ogre (D:10)
  Psyche (D:8)
  A troll (D:9)
  Grinder (D:4)
  Sigmund (D:2)
  A wyvern (D:9)
  A steam dragon (D:7)
  3 water moccasins
  Edmund (D:6)
  Duvessa (D:6)
  A black bear (D:7)
  An orc warrior (D:7)
  An ice beast (D:5)
  3 sky beasts
  3 centaurs
  A phantom (D:6)
  4 kobold brigands
  3 bullfrogs
  2 scorpions (D:6)
  A gnoll sergeant (D:9)
  7 wights
  Dowan (D:6)
  4 killer bees (D:9)
  5 howler monkeys (D:9)
  A gnoll bouda (D:7)
  5 orc priests
  2 hounds
  2 iguanas
  3 orc wizards
  10 gnolls
  4 adders
  2 shadow imps
  A white imp (D:5)
  A worm (D:3)
  3 dart slugs
  28 orcs
  3 endoplasms
  3 giant cockroaches
  8 goblins
  6 hobgoblins
  6 quokkas
  9 ball pythons
  3 bats
  5 frilled lizards
  28 kobolds
  12 rats
194 creatures vanquished.

Notes
Turn   | Place    | Note
-------+----------+-------------------------------------------
     0 | D:1      | gruber the Demonspawn Shapeshifter began the quest for the
                  | Orb.
     0 | D:1      | Reached XP level 1. HP: 16/16 MP: 1/1
   211 | D:1      | Gained mutation: You regenerate magic rapidly. [demonic
                  | ancestry]
   211 | D:1      | Reached XP level 2. HP: 23/23 MP: 2/2
   997 | D:2      | Noticed Sigmund
  1053 | D:2      | Reached XP level 3. HP: 21/29 MP: 3/3
  1188 | D:2      | HP: 1/30 [rat (2)]
  1321 | D:2      | Found a broken altar of Ashenzari.
  1442 | D:2      | Killed Sigmund
  1443 | D:2      | Reached skill level 5 in Fighting
  1443 | D:2      | Reached XP level 4. HP: 40/40 MP: 4/4
  1443 | D:2      | Gained mutation: When hurt, damage is shared between your
                  | health and your magic reserves. [demonic ancestry]
  1443 | D:2      | Reached XP level 5. HP: 46/46 MP: 5/5
  1830 | D:3      | Found an iron altar of Okawaru.
  1900 | D:3      | Found a snail-covered altar of Cheibriados.
  2228 | D:3      | Found a shimmering altar of Xom.
  2245 | D:3      | Found a shimmering altar of Xom.
  2245 | D:3      | Found a hazy altar of Hepliaklqana.
  2247 | D:3      | Found a blossoming altar of Fedhas.
  2247 | D:3      | Found an opulent altar of Gozag.
  2247 | D:3      | Found a sparkling altar of Nemelex Xobeh.
  3019 | D:4      | Identified the ring of Siytek {+Blink rN++ Will+ MP+9
                  | Dex-2}
  3087 | D:4      | Found a stormy altar of Qazlal.
  3087 | D:4      | Noticed a centaur
  3102 | D:4      | Killed a centaur
  3103 | D:4      | Gained mutation: When low on magic, you restore magic in
                  | place of health. [demonic ancestry]
  3103 | D:4      | Reached XP level 6. HP: 8/52 MP: 2/6
  3672 | D:4      | Noticed Grinder
  3705 | D:4      | Killed Grinder
  3706 | D:4      | Gained mutation: When seriously injured, your blood forms
                  | armour. (AC +9) [demonic ancestry]
  3706 | D:4      | Reached XP level 7. HP: 58/58 MP: 7/7
  3834 | D:5      | Entered Level 5 of the Dungeon
  3974 | D:5      | Reached skill level 5 in Dodging
  4124 | D:5      | Reached skill level 3 in Shapeshifting
  4246 | D:5      | Found a runed translucent gate.
  4246 | D:5      | Found a runed translucent gate.
  4246 | D:5      | Found a runed translucent gate.
  4246 | D:5      | Noticed NigelTetley's ghost (novice FoFi)
  5017 | D:6      | Reached skill level 4 in Shapeshifting
  5050 | D:6      | Gained mutation: When seriously injured, your blood forms
                  | thick armour. (AC +9) [demonic ancestry]
  5050 | D:6      | Reached XP level 8. HP: 23/64 MP: 8/8
  5256 | D:6      | Noticed Duvessa
  5259 | D:6      | Noticed Dowan
  5289 | D:6      | Killed Duvessa
  5290 | D:6      | Reached skill level 5 in Shapeshifting
  5301 | D:6      | Killed Dowan
  5652 | D:6      | Noticed Edmund
  5668 | D:6      | Killed Edmund
  5669 | D:6      | Reached skill level 6 in Shapeshifting
  5730 | D:6      | Found Saud's Jewellery Emporium.
  6531 | D:7      | Reached skill level 7 in Shapeshifting
  6681 | D:7      | Reached XP level 9. HP: 33/69 MP: 9/9
  6849 | D:7      | Identified the +7 scale mail of Vehumet's Grace {Slay+2}
  7685 | D:7      | Found a staircase to the Ecumenical Temple.
  7696 | D:7      | Reached skill level 8 in Shapeshifting
  7701 | Temple   | Entered the Ecumenical Temple
  7792 | Temple   | Became a worshipper of Uskayaw the Reveller
  7840 | D:7      | Reached * piety under Uskayaw
  8127 | D:8      | Reached ** piety under Uskayaw
  8158 | D:8      | Found a staircase to the Lair.
  8200 | D:8      | Reached *** piety under Uskayaw
  8201 | D:8      | Reached **** piety under Uskayaw
  8533 | D:8      | Found Medeejug's Book Shop.
  8600 | D:8      | Noticed Psyche
  8647 | Lair:1   | Entered Level 1 of the Lair of Beasts
  8833 | D:8      | Killed Psyche
  8834 | D:8      | Reached skill level 9 in Shapeshifting
  9367 | D:8      | Found an ornate altar of the Wu Jian Council.
  9367 | D:8      | Found a shadowy altar of Dithmenos.
  9500 | D:9      | Noticed a troll
  9506 | D:9      | Killed a troll
  9552 | D:9      | Reached XP level 10. HP: 40/76 MP: 10/10
  9664 | D:9      | Found an opulent altar of Gozag.
  9900 | D:9      | Reached skill level 10 in Shapeshifting
 10702 | D:10     | Entered Level 10 of the Dungeon
 10711 | D:10     | Identified the +3 scale mail of the Devil {Will+ rCorr
                  | Str+5}
 10815 | D:10     | Noticed a two-headed ogre
 10824 | D:10     | HP: 1/76 [two-headed ogre/+0 giant spiked club (11)]
 10825 | D:10     | Killed a two-headed ogre
 10825 | D:10     | Mangled by a wraith

Illustrated notes

Levels and vault maps discovered:
D:1:      ncdulo_halloftheorcs, layout_basic, st_stairs_10
D:2:      layout_rooms, basic_altar, minmay_misc_feat_doors,
          nicolae_concentric_dashed_squares_mild, minmay_heptomino_w4,
          uniq_sigmund
D:3:      layout_basic, cheibrodos_worm_habitat,
          mainiacjoe_overflow_cross_hatched, doesnt_xom_only_xom,
          kennysheep_cross_bottleneck
D:4:      layout_basic, old_standard_altar, uniq_grinder
D:5:      layout_loops_ring, gammafunk_ghost_necromancy
D:6:      layout_gridville, minivault_26, minmay_shop_enchanted_jewellery,
          uniq_edmund, uniq_duvessa
D:7:      layout_loops_ring, minmay_temple_entry_wispy
D:8:      layout_rooms, gammafunk_temple_overflow_pools, lair_entry_dummy,
          enter_bailey_3, serial_shops, shop, uniq_psyche
D:9:      layout_loops_ring, lemuel_crystal_altar, mainiacjoe_overflow_alcove_2
D:10:     layout_basic, kennysheep_cluttered_room,
          hangedman_abyss_or_decor_clamps, uniq_amaemon
Temple:   nicolae_temple_ecumenical_triangle
Lair:1:   layout_cave_pods, st_stairs_4

Skill      XL: |  1  2  3  4  5  6  7  8  9 10 |
---------------+-------------------------------+-----
Fighting       | 3 5 6 |  6.1
Dodging        | 3 4 5 |  5.3
Shapeshifting  | 4 7 9 10 | 10.1
Unarmed Combat | |  1.7

Action                     |  1- 3 |  4- 6 |  7- 9 | 10-12 || total
---------------------------+-------+-------+-------+-------++-------
  Melee: Unarmed           |   134 |    72 |       |       ||   206
         Quarterstaff      |       |    67 |       |       ||    67
         Punch             |       |     1 |     5 |       ||     6
         Long sword        |       |       |    86 |       ||    86
         Rapier            |       |       |   166 |       ||   166
         Dagger            |       |       |   219 |    46 ||   265
         Whip              |       |       |       |    18 ||    18
  Throw: Dart              |     2 |       |     7 |       ||     9
 Invoke: Stomp             |       |       |     3 |     1 ||     4
         Line Pass         |       |       |       |     1 ||     1
  Evoke: Wand              |       |     8 |     4 |       ||    12
    Use: Potion            |     1 |       |     1 |       ||     2
   Stab: Sleeping          |       |       |     1 |       ||     1
         Paralysed         |       |       |     5 |     5 ||    10
         Invisible         |       |       |     2 |       ||     2
 Armour: Animal skin       |    19 |    20 |    99 |     7 ||   145
         Skin              |     6 |       |       |       ||     6
  Dodge: Dodged            |    92 |    85 |   326 |    41 ||   544

Table legend: (Time is in decaauts)
 A = Elapsed time spent in this place.
 B = Non-inter-level travel time spent in this place.
 C = Inter-level travel time spent in this place.
 D = Time resting spent in this place.
 E = Time spent auto-exploring this place.
 F = Levels seen in this place.
 G = Mean time per level.
                   A        B        C        D        E       F      G
               +--------+--------+--------+--------+--------+-----+--------+
         Total |  10907 |  10421 |    486 |      7 |   8797 |  12 |  908.9 |
       Dungeon |  10621 |  10194 |    427 |      7 |   8581 |  10 | 1062.1 |
        Temple |    108 |     84 |     24 |      0 |     77 |   1 |  108.0 |
          Lair |    176 |    142 |     34 |      0 |    139 |   1 |  176.0 |
               +--------+--------+--------+--------+--------+-----+--------+

Top non-repeatable levels by time:
     D:7: 1737 daAuts
     D:6: 1382 daAuts
     D:9: 1239 daAuts
     D:8: 1154 daAuts
     D:4: 1140 daAuts
     D:5: 1123 daAuts
     D:3: 1005 daAuts
     D:1: 956 daAuts
     D:2: 753 daAuts
  Lair:1: 176 daAuts
    D:10: 128 daAuts
  Temple: 108 daAuts
